 Dungeon Crawl Stone Soup version 0.20.1-1-g8b1a95d (webtiles) character file.

8148 gobwax the Geomancer (level 11, -5/61 HPs)
             Began as an Octopode Earth Elementalist on July 21, 2017.
             Slain by a manticore (9 damage)
             ... on level 10 of the Dungeon.
             The game lasted 01:08:24 (13068 turns).

gobwax the Geomancer (Octopode Earth Elementalist) Turns: 13068, Time: 01:08:26

Health: -5/61      AC:  3    Str: 13 (14) XL:     11   Next: 26%
Magic:  0/39       EV: 13    Int: 20 (23) God:
Gold:   762        SH:  0    Dex:  9 (12) Spells: 7/29 levels left

rFire    . . .     SeeInvis .   M - staff of power
rCold    . . .     Gourm    .   (no shield)
rNeg     . . .     Faith    .   (helmet restricted)
rPois    .         Spirit   +   u - amulet of guardian spirit
rElec    .         Reflect  .   l - ring of wizardry
rCorr    +         Harm     .   q - +3 ring of intelligence
MR       +....                  (no ring)
Stlth    +++.......             O - ring of resist corrosion
Regen    0.2/turn               A - ring of protection from magic
MPRegen  0.3/turn               D - +3 ring of strength
                                (no ring)
                                (no ring)

@: about to teleport, barbed spikes, studying Staves, drained
A: almost no armour, stealthy swim, amphibious, 8 rings, constrict 8, iridescent
scales 1, camouflage 1, blink, strong 1, gelatinous body 1
a: Blink


You were on level 10 of the Dungeon.
You were very hungry.

You visited 1 branch of the dungeon, and saw 11 of its levels.
You also visited: Sewer.

You collected 762 gold pieces.

Inventory:

Hand Weapons
 f - the +2 long sword of Ipluac Hewoh {slice, Dex+3}
   (You found it on level 9 of the Dungeon)

   It inflicts extra damage upon your enemies.
   It affects your dexterity (+3).
 x - a +2 whip of electrocution
 C - a +0 whip of flaming
Missiles
 j - 23 stones (quivered)
Magical Staves
 M - an uncursed staff of power (weapon)
Jewellery
 l - a ring of wizardry (left tentacle)
 q - a +3 ring of intelligence (right tentacle)
 u - an amulet of guardian spirit (around mantle)
 A - a ring of protection from magic (on tentacle)
 D - a +3 ring of strength (on tentacle)
 O - a ring of resist corrosion (on tentacle)
Wands
 v - a wand of polymorph (11/24)
 z - a wand of polymorph (9/24)
 B - a wand of flame (20/48)
 E - a wand of acid (8/15)
 H - a wand of paralysis (9/24)
Scrolls
 e - 2 scrolls of recharging
 k - 6 scrolls of fear
 p - 4 scrolls of amnesia
 r - 3 scrolls of magic mapping
 w - 3 scrolls of enchant armour
 I - a scroll of enchant weapon
 P - 2 scrolls of identify
Potions
 a - 3 potions of curing
 h - a potion of ambrosia {unknown}
 i - 4 potions of flight {unknown}
 m - 4 potions of agility
 n - 2 potions of lignification {unknown}
 o - a potion of cancellation
 s - a potion of degeneration
 t - 2 potions of brilliance {unknown}
 G - a potion of resistance {unknown}
Books
 d - a book of Geomancy

   Spells                             Type                      Level
   a - Sandblast                      Earth                        1
   b - Passwall                       Transmutation/Earth          2
   c - Stone Arrow                    Conjuration/Earth            3
   d - Petrify                        Transmutation/Earth          4
   e - Lee's Rapid Deconstruction     Earth                        5
 y - a book of Maledictions

   Spells                             Type                      Level
   a - Corona                         Hexes                        1
   b - Ensorcelled Hibernation        Hexes/Ice                    2
   c - Confuse                        Hexes                        3
   d - Tukima's Dance                 Hexes                        3
   e - Dazzling Spray                 Conjuration/Hexes            3
 K - a manual of Staves
 L - the Grimoire of Helpful Ignition
   (You found it on level 7 of the Dungeon)

   Spells                             Type                      Level
   a - Swiftness                      Charms/Air                   2
   b - Ozocubu's Armour               Charms/Ice                   3
   c - Fireball                       Conjuration/Fire             5
   d - Bolt of Fire                   Conjuration/Fire             6
Miscellaneous
 F - a crystal ball of energy
 J - a sack of spiders
Comestibles
 b - 2 royal jellies
 c - 7 bread rations
 g - 2 meat rations


   Skills:
 - Level 2.0(1.5) Dodging
 - Level 3.2(2.8) Stealth
 + Level 9.8(9.3) Spellcasting
 * Level 6.9(6.4) Conjurations
 - Level 1.0(0.5) Transmutations
 * Level 2.6(2.1) Fire Magic
 - Level 11.5(10.9) Earth Magic


You had 7 spell levels left.
You knew the following spells:

 Your Spells              Type           Power        Failure   Level  Hunger
a - Sandblast             Erth           ######       1%          1    None
b - Passwall              Tmut/Erth      ####......   1%          2    None
c - Stone Arrow           Conj/Erth      #####.       1%          3    None
d - Lee's Rapid Deconstr  Erth           ######....   1%          5    #####..
e - Petrify               Tmut/Erth      ####....     2%          4    ###....
f - Swiftness             Chrm/Air       #.......     4%          2    None
g - Fireball              Conj/Fire      ####......   14%         5    #####..


Dungeon Overview and Level Annotations

Branches:
Dungeon (11/15)            Temple (0/1) D:6             Orc (0/2) D:10
   Lair: D:8-11

Altars:
Ashenzari
Elyvilon
Gozag
Nemelex Xobeh
Ru
Trog
Uskayaw
Xom
Yredelemnul
Zin
The Shining One

Shops:
D:5 :

Annotations:
D:3 Lidrolic's ghost, amateur HuFi
D:9 Joseph; happinesssam's ghost, novice DrFE


Innate Abilities, Weirdness & Mutations

You cannot wear most types of armour.
You are very stealthy in the water. (Stealth+)
You are amphibious.
You can wear up to eight rings at the same time.
You can use your tentacles to constrict eight enemies at once.
Your skin changes colour to match your surroundings (Stealth+).
Your rubbery body absorbs attacks. (AC +1, EV +1)
You are partially covered in iridescent scales. (AC +2)
You can translocate small distances at will.
Your muscles are strong. (Str +2)


Message History

Aiming: Sandblast
Press: ? - help, Shift-Dir - straight line, f/p - harpy
Aim: a harpy (heavily wounded)
The blast of sand hits the harpy.
The harpy is severely wounded.
j - 23 stones The harpy claws you! x2
* * * LOW HITPOINT WARNING * * *
As you read the scroll of teleportation, it crumbles to dust.
You feel strangely unstable. The harpy claws you.
* * * LOW HITPOINT WARNING * * *
The harpy barely misses you.
You feel better.
The harpy screeches!
The harpy barely misses you. The harpy misses you. The manticore bites you!
* * * LOW HITPOINT WARNING * * *
The manticore claws you!
* * * LOW HITPOINT WARNING * * *
The manticore claws you!
You die...

##.##.##.##
##.###.###.##
##.####.####.##
#.###.....###.#
#.# #..⌠..# #.#
#.# #.....# #.#
#.# #[.H..# #.#
#)# #..⌠..# #.#
#.# #..@..# #.#
#.# ###H### #.#
#.####...####.#
##..##...##..##
#...#%.%#...#
##).##!##..##
##..#?#..## ###
##.###.## ###
#.## ##.#.##
##.#


You could see a manticore and a harpy.

Vanquished Creatures
  A two-headed ogre (D:7)
  Pikel (D:8)
  A merfolk (D:10)
  A hippogriff (D:7)
  3 redbacks (D:7)
  Sigmund (D:6)
  A human (D:10)
  Grum (D:8)
  A steam dragon (D:10)
  2 wargs (D:10)
  Menkaure (D:7)
  A soldier ant (D:7)
  Purgy (Sewer)
  4 orc warriors
  A black bear (D:10)
  6 sky beasts
  2 ice beasts (D:7)
  Duvessa (D:7)
  4 slaves (D:8)
  3 ogres
  A phantom (D:5)
  3 wolves (D:8)
  2 centaurs
  2 crocodiles (D:8)
  A big kobold (D:10)
  9 bullfrogs
  A water moccasin zombie (D:7)
  Dowan (D:7)
  A wyvern skeleton (D:8)
  4 scorpions
  A water moccasin skeleton (D:8)
  A killer bee (D:10)
  A howler monkey (D:4)
  9 wights (D:10)
  8 crimson imps
  A bullfrog zombie (D:7)
  4 orc priests
  3 hounds
  2 jellies
  8 orc wizards
  2 centaur skeletons
  An iguana (D:6)
  6 worker ants
  Natasha (D:3)
  2 killer bee zombies
  A hound zombie (D:5)
  A hound skeleton (D:6)
  A howler monkey zombie (D:7)
  Robin (D:2)
  A worker ant zombie (D:5)
  16 adders
  A howler monkey skeleton (D:5)
  3 shadow imps
  An ooze (D:1)
  3 adder skeletons
  5 worms
  3 dart slugs
  8 leopard geckos
  39 orcs
  6 giant cockroaches
  10 hobgoblins
  14 jackals
  2 quokkas
  4 ball pythons (Sewer)
  8 bats
  12 frilled lizards
  16 goblins
  13 kobolds
  10 rats
291 creatures vanquished.

Notes
Turn   | Place    | Note
-------+----------+-------------------------------------------
     0 | D:1      | gobwax the Octopode Earth Elementalist began the quest for the Orb.
     0 | D:1      | Reached XP level 1. HP: 11/11 MP: 3/3
   260 | D:1      | Reached XP level 2. HP: 17/17 MP: 3/5
   557 | D:1      | Learned a level 2 spell: Passwall
   633 | D:1      | Reached XP level 3. HP: 21/21 MP: 2/6
   957 | D:1      | Learned a level 3 spell: Stone Arrow
   983 | D:1      | Reached skill level 4 in Earth Magic
  1703 | D:2      | Reached XP level 4. HP: 21/27 MP: 4/7
  2259 | D:2      | Noticed Robin
  2263 | D:2      | Killed Robin
  2554 | D:2      | Reached XP level 5. HP: 30/31 MP: 6/9
  2746 | D:3      | Reached skill level 5 in Earth Magic
  2760 | D:3      | Found a glowing drain.
  2766 | Sewer    | Entered a sewer
  2943 | Sewer    | Noticed Purgy
  2973 | Sewer    | Killed Purgy
  2973 | Sewer    | Reached skill level 1 in Conjurations
  2973 | Sewer    | Reached XP level 6. HP: 36/36 MP: 3/11
  3297 | D:3      | Learned a level 5 spell: Lee's Rapid Deconstruction
  3316 | D:3      | Found a shimmering altar of Xom.
  3326 | D:3      | Found a hide-covered altar of Uskayaw.
  3340 | D:3      | Found a sacrificial altar of Ru.
  3351 | D:3      | Noticed Lidrolic's ghost (amateur HuFi)
  3545 | D:3      | Found a glowing silver altar of Zin.
  3546 | D:3      | Found an opulent altar of Gozag.
  3620 | D:3      | Found a white marble altar of Elyvilon.
  3875 | D:3      | Noticed Natasha
  3884 | D:3      | Killed Natasha
  4027 | D:3      | Found a sparkling altar of Nemelex Xobeh.
  4578 | D:4      | Reached skill level 6 in Earth Magic
  4578 | D:4      | Reached XP level 7. HP: 41/41 MP: 0/13
  5434 | D:5      | Entered Level 5 of the Dungeon
  5734 | D:5      | Reached skill level 7 in Earth Magic
  5736 | D:5      | Reached XP level 8. HP: 46/46 MP: 8/15
  5913 | D:5      | Found Wuolon's Book Boutique.
  5937 | D:5      | Learned a level 4 spell: Petrify
  6037 | D:5      | Found a bloodstained altar of Trog.
  6071 | D:5      | Found a hide-covered altar of Uskayaw.
  6165 | D:6      | Reached skill level 5 in Spellcasting
  6328 | D:6      | Found a staircase to the Ecumenical Temple.
  6355 | D:6      | Reached skill level 8 in Earth Magic
  6660 | D:6      | Noticed Sigmund
  6673 | D:6      | Killed Sigmund
  7209 | D:7      | Noticed Duvessa
  7212 | D:7      | Noticed Dowan
  7221 | D:7      | Killed Duvessa
  7221 | D:7      | Reached XP level 9. HP: 34/51 MP: 6/18
  7316 | D:7      | Killed Dowan
  7321 | D:7      | Reached skill level 9 in Earth Magic
  7346 | D:7      | Noticed a two-headed ogre
  7347 | D:7      | Noticed Menkaure
  7465 | D:8      | Noticed Pikel
  7480 | D:8      | Killed Pikel
  7725 | D:8      | Noticed Grum
  7741 | D:8      | Killed Grum
  7741 | D:8      | Reached skill level 10 in Earth Magic
  8128 | D:7      | Killed a two-headed ogre
  8128 | D:7      | Reached skill level 11 in Earth Magic
  8128 | D:7      | Reached XP level 10. HP: 53/56 MP: 8/21
  8196 | D:7      | Found a shattered altar of Ashenzari.
  8203 | D:7      | Killed Menkaure
  8203 | D:7      | Reached skill level 5 in Conjurations
  8205 | D:7      | Saw a vision of the Shoals and the Spider Nest.
  8205 | D:7      | Noticed a wolf spider
  8205 | D:7      | Noticed a wolf spider
  8205 | D:7      | Noticed a merfolk siren
  8206 | D:7      | Noticed a merfolk siren
  8246 | D:7      | Gained mutation: Your muscles are strong. (Str +2) [mutagenic meat]
  8247 | D:7      | Gained mutation: You can translocate small distances at will. [mutagenic meat]
  8248 | D:7      | Gained mutation: You are partially covered in iridescent scales. (AC +2) [mutagenic meat]
  8358 | D:7      | Identified the Grimoire of Helpful Ignition
  8369 | D:7      | Learned a level 2 spell: Swiftness
  8375 | D:7      | Learned a level 5 spell: Fireball
  8897 | D:7      | Found a glowing golden altar of the Shining One.
  8899 | D:7      | Noticed an angel
  8907 | D:7      | Found a basalt altar of Yredelemnul.
  8910 | D:7      | Noticed a profane servitor
  9052 | D:8      | Reached skill level 1 in Fire Magic
  9927 | D:9      | Got a transparent long sword
 10240 | D:9      | Noticed Joseph
 10265 | D:9      | Noticed a gargoyle
 10617 | D:9      | Noticed happinesssam's ghost (novice DrFE)
 10633 | D:10     | Entered Level 10 of the Dungeon
 10862 | D:10     | Reached XP level 11. HP: 61/61 MP: 24/24
 11652 | D:10     | Identified the cursed +2 long sword of Ipluac Hewoh {slice, Dex+3} (You found it on level 9 of the Dungeon)
 11714 | D:10     | Found a staircase to the Orcish Mines.
 11730 | D:10     | HP: 3/61 [something (2)]
 12960 | D:10     | Found a runed door.
 12960 | D:10     | Noticed a manticore
 12960 | D:10     | Noticed a harpy
 13068 | D:10     | Slain by a manticore

Skill      XL: |  1  2  3  4  5  6  7  8  9 10 11 |
---------------+----------------------------------+-----
Earth Magic    | 4 5 6 7 8 11 | 11.5
Spellcasting   | 3 4 6 7 9 |  9.8
Stealth        | 3 |  3.2
Conjurations   | 1 2 3 4 6 |  6.9
Fire Magic     | 1 2 |  2.6
Dodging        | |  2.0
Transmutations | |  1.0

Action                   |  1- 3 |  4- 6 |  7- 9 | 10-12 || total
-------------------------+-------+-------+-------+-------++-------
Melee: Unarmed           |    24 |    24 |     3 |       ||    51
       Constrict         |     7 |     7 |     9 |     1 ||    24
       Tentacles         |     5 |     8 |     4 |       ||    17
       Whip              |       |       |    29 |     3 ||    32
 Cast: Sandblast         |    56 |    79 |   110 |   104 ||   349
       Passwall          |     2 |       |     1 |     6 ||     9
       Stone Arrow       |       |    22 |     6 |    66 ||    94
       Lee's Rapid Decon |       |     5 |    16 |    19 ||    40
       Petrify           |       |       |     4 |     6 ||    10
       Swiftness         |       |       |       |    10 ||    10
       Fireball          |       |       |       |    11 ||    11
 Abil: Blink             |       |       |       |    21 ||    21
  Use: Potion            |     1 |     1 |     5 |     3 ||    10
       Scroll            |     2 |    10 |     3 |    10 ||    25
 Stab: Sleeping          |       |     1 |     2 |       ||     3
  Eat: Chunk             |     3 |    12 |    15 |    13 ||    43
       Royal jelly       |       |       |     1 |     3 ||     4
       Fruit             |       |       |       |     2 ||     2
       Bread ration      |       |       |       |     1 ||     1
Armor: Skin              |     9 |     2 |     4 |     9 ||    24
Dodge: Dodged            |    36 |    22 |    38 |    52 ||   148
